 Dungeon Crawl Stone Soup version 0.29.1-12-g30fa7ad0bf (webtiles) character file.

Game seed: 14792743405588585717

51 funkygono the Trooper (level 3, -2/29 HPs)
             Began as a Demonspawn Abyssal Knight on Dec 30, 2022.
             Was a Priest of Lugonu.
             Slain by Crazy Yiuf
             ... wielding a +3 quarterstaff of chaos
              (11 damage)
             ... on level 2 of the Dungeon.
             The game lasted 00:03:21 (2501 turns).

funkygono the Trooper (Demonspawn Abyssal Knight)   Turns: 2501, Time: 00:03:23

Health: -2/29      AC:  6    Str: 15    XL:     3   Next: 58%
Magic:  5/5        EV: 11    Int: 11    God:    Lugonu [***...]
Gold:   71         SH:  0    Dex: 13    Spells: 2/2 levels left

rFire   + . .      SeeInvis .   a - +1 mace
rCold   . . .      Faith    .   (no shield)
rNeg    . . .      Spirit   .   b - +0 leather armour
rPois   .          Reflect  .   (no helmet)
rElec   .          Harm     .   (no cloak)
rCorr   .          Rampage  .   (no gloves)
Will    .....                   (no boots)
Stlth   +.........              (no amulet)
HPRegen 0.09/turn               m - ring of protection from fire
MPRegen 0.09/turn               (no ring)

@: no status effects
A: icy blue scales 2
a: Renounce Religion, Depart the Abyss, Bend Space, Banish


You were on level 2 of the Dungeon.
You worshipped Lugonu.
Lugonu was most pleased with you.
You visited 1 branch of the dungeon, and saw 2 of its levels.
You visited the Abyss 1 time.

You collected 91 gold pieces.
You spent 20 gold pieces at shops.

Inventory:

Hand Weapons
 a - a +1 mace (weapon)
Armour
 b - a +0 leather armour (worn)
Jewellery
 m - a ring of protection from fire (left hand)
Scrolls
 f - 2 scrolls of noise {unknown}
 k - a scroll of brand weapon {unknown}
 l - 3 scrolls of teleportation {unknown}
 n - 2 scrolls of identify
 o - 3 scrolls of enchant armour {unknown}
Potions
 c - 4 potions of curing {unknown}
 d - a potion of haste {unknown}
 e - 2 potions of ambrosia {unknown}
 g - a potion of cancellation {unknown}
 h - 2 potions of might {unknown}
 i - a potion of flight {unknown}
 j - a potion of resistance {unknown}
 p - a potion of heal wounds {unknown}


   Skills:
 + Level 3.3 Fighting
 + Level 2.8 Maces & Flails
 + Level 2.1 Armour
 + Level 1.0 Dodging
 + Level 0.2 Stealth
 + Level 2.8 Invocations


You had 2 spell levels left.
You didn't know any spells.
Your spell library contained the following spells:

 Spells                   Type           Power      Damage    Failure   Level
 Blink                    Tloc           0%         N/A       54%         2
 Ensorcelled Hibernation  Hex/Ice        0%         N/A       54%         2
 Passwall                 Tmut/Erth      0%         N/A       54%         2
 Sublimation of Blood     Necr           0%         N/A       54%         2
 Wereblood                Tmut           0%         N/A       54%         2
 Lesser Beckoning         Tloc           0%         N/A       78%         3
 Swiftness                Air            0%         N/A       78%         3
 Manifold Assault         Tloc           0%         N/A       100%        5
 Summon Hydra             Summ           0%         N/A       100%        7


Dungeon Overview and Level Annotations

Branches:
Dungeon (2/15)

Altars:

Shops:
D:2 ?*=*[

Annotations:
D:2 Crazy Yiuf


Innate Abilities, Weirdness & Mutations

You are mostly covered in icy blue scales. (AC +3)


Message History

An adder comes into view.
The helpless adder fails to defend itself.
You sock the adder!
The adder is almost dead.
The adder closely misses you. The adder bites you.
You are poisoned.
The adder poisons you!
You closely miss the adder.
The adder is almost dead.
You feel sick. The adder bites you but does no damage.
You barely miss the adder.
The adder is almost dead.
You feel sick. The adder bites you. The adder bites you but does no damage.
You closely miss the adder.
The adder is almost dead.
You feel sick. The adder barely misses you. x2
You hit the adder.
You kill the adder!
Lugonu accepts your kill.
You feel sick.
You are no longer poisoned.
You open the door.
There is an open door here.
You see here a staff of earth.
You see here 4 stones.
You see here 4 stones.
There is an entrance to Hiawaf's Armour Shop here.
You see here 4 stones.
Crazy Yiuf shouts!
You open the door.
Crazy Yiuf hits you with a +3 quarterstaff of chaos.
Crazy Yiuf burns you.
There is an open translucent door, spattered with blood here.
You hit Crazy Yiuf but do no damage.
Crazy Yiuf waves his quarterstaff at you.
Crazy Yiuf hits you with a +3 quarterstaff of chaos!
Ouch! That really hurt!
Crazy Yiuf burns you.
Crazy Yiuf hits you with a +3 quarterstaff of chaos!
You die...

#....# ##.####### ♣....♣
#........# ♣...♣♣ ########.#
♣♣.♣♣ #.# ♣.♣♣ #.# ♣♣.♣ #.#
############ ♣.♣♣ ########.#
...........# ♣♣.♣ #....>##.#
#####.###### #@# #####.##.#
#####.# #.g.# #.##.# ......#
#...# #.##.# #####.###### #..)#
#.##.# #......# ##### #.##.#
#......# #.##.# ## ##.....####
#.##.# .#
#........############.##.#
.#####.........(..............#


You could see Crazy Yiuf.

Vanquished Creatures
  An adder (D:2)
  A worm (D:2)
  A dart slug (D:1)
  2 endoplasms
  A giant cockroach (D:1)
  5 goblins
  5 hobgoblins
  3 quokkas (D:1)
  3 ball pythons
  8 bats
  3 frilled lizards
  2 rats
35 creatures vanquished.

Notes
Turn   | Place    | Note
-------+----------+-------------------------------------------
     0 | Abyss:1  | funkygono the Demonspawn Abyssal Knight began the quest for
                  | the Orb.
     0 | Abyss:1  | Reached XP level 1. HP: 18/18 MP: 2/2
    20 | D:1      | Escaped the Abyss
   256 | D:1      | Gained mutation: You are partially covered in icy blue
                  | scales. (AC +2) [demonic ancestry]
   256 | D:1      | Reached XP level 2. HP: 15/24 MP: 1/3
   426 | D:1      | Reached skill level 1 in Dodging
  1094 | D:2      | Found Hiawaf's Armour Shop.
  1239 | D:2      | Gained mutation: You are mostly covered in icy blue scales.
                  | (AC +3) [demonic ancestry]
  1239 | D:2      | Reached XP level 3. HP: 29/29 MP: 5/5
  1304 | D:2      | Found Ribiasti's Assorted Antiques.
  1571 | D:2      | Found Kest's Magic Scroll Shop.
  1574 | D:2      | Bought a scroll of identify for 20 gold pieces
  1598 | D:2      | Reached *** piety under Lugonu
  1640 | D:2      | Found Fitiji's General Store.
  1744 | D:2      | Found Tahasodd's Jewellery Shop.
  1933 | D:2      | Found a runed translucent door.
  1934 | D:2      | Noticed Crazy Yiuf
  2501 | D:2      | Slain by Crazy Yiuf

Illustrated notes

Levels and vault maps discovered:
D:1:      spicycebolla_arrival_xxxplode, layout_loops_cross,
          minmay_misc_feat_roman, minmay_tetromino_i2
D:2:      layout_basic, serial_forest, infiniplex_forest_clump_long,
          infiniplex_forest_clump_small, infiniplex_forest_clump_medium,
          infiniplex_forest_clump_tiny, infiniplex_forest_end_1,
          infiniplex_forest_pool, infiniplex_forest_straight_1,
          infiniplex_forest_straight_1, infiniplex_forest_clump_large,
          infiniplex_forest_clump_long, serial_shops, nicolae_shop_behind_doors,
          shop, shop, nicolae_shop_behind_doors, nicolae_shop_waterfront,
          uniq_crazy_yiuf_cottage

Skill      XL: |  1  2 |
---------------+-------+-----
Maces & Flails | 2 |  2.8
Armour         | 2 |  2.1
Dodging        | 1 |  1.0
Fighting       | |  3.3
Stealth        | |  0.2
Invocations    | |  2.8

Action                   || total
-------------------------++-------
Melee: Mace              ||   102
       Punch             ||     1
Invok: Bend Space        ||     7
 Stab: Sleeping          ||     1
Armor: Leather armour    ||    43
Dodge: Dodged            ||    91
